AoeStats
← fatelai1017

Arabia

510101316Analyzed
1v1 RM · 1d ago on Sep 29, 2026· 27m 0s· 2 players
Game mode
Random Map
Map size
Tiny (2 player)
Population
200
Speed
Normal
Resources
Standard
Victory
Conquest
Starting age
Dark Age
Ending age
Imperial Age
RankedLock teamsTeams togetherTeam positionsShared explorationLock speedFull tech treeHidden civsTurbo modeCheats
Victory
Defeat
🇹🇼 Mongols · Taiwan
1286
+15
🇹🇼 Varangians · Taiwan
1267
-15
fatelai1017
8:43 Feudal Age
8:02 Loom
9:16 Double-Bit Axe
11:34 Horse Collar
20:29 Castle Age
18:58 Bloodlines
19:52 Gold Mining
20:30 Scale Mail Armor
20:36 Scale Barding Armor
20:37 Pikeman
21:19 Husbandry
SHIHQAZ17
5:47 Loom
8:39 Feudal Age
9:38 Double-Bit Axe
18:31 Castle Age
17:27 Fletching
18:00 Bloodlines
18:03 Gold Mining
19:09 Bodkin Arrow
20:00 Husbandry
22:14 Ballistics
23:54 Light Cavalry
25:28 Wheelbarrow
Connection lost

Rejoining the realm…

Still unreachable

The connection could not be restored.

Session expired

The server has moved on; the page needs a fresh start.